 Dungeon Crawl Stone Soup version 0.22-a0-750-ga7dcef7 (webtiles) character file.

8502 sking99 the Basher (level 11, -15/89 HPs)
             Began as a Demonspawn Fighter on July 15, 2018.
             Was an Initiate of Gozag.
             Killed by Ozocubu's Refrigeration
             ... invoked by Fannar
              (22 damage)
             ... on level 10 of the Dungeon.
             The game lasted 00:18:48 (12263 turns).

sking99 the Basher (Demonspawn Fighter)            Turns: 12263, Time: 00:18:48

Health: -15/89     AC: 16    Str: 19    XL:     11   Next: 10%
Magic:  20/20      EV:  4    Int:  9    God:    Gozag
Gold:   480        SH: 11    Dex: 14    Spells: 10/10 levels left

rFire    . . .     SeeInvis .   y - +2 whip (elec)
rCold    . . .     Gourm    .   c - +0 shield
rNeg     . . .     Faith    .   d - +0 plate armour
rPois    .         Spirit   .   (no helmet)
rElec    .         Reflect  .   g - +1 cloak
rCorr    .         Harm     .   (no gloves)
MR       +....                  (no boots)
Stlth    ..........             (no amulet)
HPRegen  0.24/turn              z - ring of protection from magic
MPRegen  0.17/turn              u - ring of magical power

@: gold aura, drained
A: hooves 2, slimy green scales 2, demonic guardian 1, foul stench 1, rot
immunity
a: Potion Petition, Call Merchant, Bribe Branch, Renounce Religion


You were on level 10 of the Dungeon.
You worshipped Gozag.
Gozag was aware of your devotion.
You were not hungry.

You visited 1 branch of the dungeon, and saw 10 of its levels.
You also visited: Sewer.

You collected 1880 gold pieces.
You spent 300 gold pieces at shops.
You paid 1100 gold pieces to Gozag.

Inventory:

Hand Weapons
 a - a +1 flail
 y - a +2 whip of electrocution (weapon)
Armour
 c - a +0 shield (worn)
 d - a +0 plate armour (worn)
 g - a +1 cloak (worn)
Jewellery
 k - a +1 ring of protection
 u - a ring of magical power (right hand)
 z - a ring of protection from magic (left hand)
 D - an uncursed ring of fire
Wands
 o - a wand of iceblast (15)
 t - a wand of flame (21)
Scrolls
 b - a scroll of amnesia
 j - a scroll of fear
 l - a scroll of teleportation
 n - 2 scrolls of enchant weapon
 s - 3 scrolls of remove curse
 v - 3 scrolls of enchant armour
 w - a scroll of random uselessness
 x - 7 scrolls of identify
Potions
 e - a potion of brilliance {unknown}
 h - 9 potions of curing
 i - a potion of heal wounds
 m - 2 potions of magic {unknown}
 p - 4 potions of lignification {unknown}
 q - a potion of ambrosia
 r - a potion of agility
 A - a potion of mutation {unknown}
 E - a potion of haste
Comestibles
 f - 10 rations


   Skills:
 + Level 9.2(8.6) Fighting
 * Level 11.2(10.6) Maces & Flails
 - Level 2.6(2.1) Armour
 + Level 8.4(7.8) Shields


You had 10 spell levels left.
You didn't know any spells.
Your spell library contained the following spells:

 Spells                   Type           Power        Failure   Level  Hunger
 Apportation              Tloc           #.....       100%        1    ##.....
 Summon Small Mammal      Summ           #...         100%        1    ##.....
 Animate Skeleton         Necr           N/A          100%        1    ##.....
 Confusing Touch          Hex            #.....       100%        1    ##.....


Dungeon Overview and Level Annotations

Branches:
Dungeon (10/15)            Temple (0/1) D:4            Lair (0/6) D:9
    Orc: D:9-12

Altars:
Ashenzari
Fedhas
Gozag
Makhleb
Nemelex Xobeh
Okawaru
Qazlal
Ru
Trog
Uskayaw
Vehumet
Zin

Shops:
D:6 (   D:9 %

Annotations:
D:8 3 runed doors, TheNamelessOne's ghost, novice HOFi
D:10 Fannar


Innate Abilities, Weirdness & Mutations

You have hoof-like feet.
You are mostly covered in slimy green scales. (AC +3)
A weak demonic guardian rushes to your aid.
You may emit foul miasma when damaged in melee.
You are immune to rotting.


Message History

You kill the ice beast!
Fannar gestures at you while chanting. The bolt of cold hits you!
* * * LOW HITPOINT WARNING * * *
The bolt of cold hits your white imp.
Your white imp resists.
You swap places.
Fannar mumbles some strange words.
Fannar drains the heat from the surrounding environment!
You feel very cold.
* * * LOW HITPOINT WARNING * * *
Fannar and your white imp are frozen.
Fannar resists.
Fannar is lightly wounded.
Your white imp resists.
Your white imp dies!
Fannar mumbles some strange words.
Fannar drains the heat from the surrounding environment!
You feel very cold.
You die...
Your body crumbles into a pile of gold.

#............#
#...<........#
#..).........#
#............##### #####
#............#.#.#++#^#.#
#....................)...
###########'#.........P..
######.#..P.........
##..@.<.#............
#####Y.########..#.#####.
#e.e..## ##...#####.
##'######## ###.......
#$$$...[... ###.....
#...(...... #...<.
#Y......... #.....
#.......... . #...(.
#.......... ..#.....


You could see Fannar and an ice beast.

Vanquished Creatures
  Erica (D:9)
  A two-headed ogre (D:8)
  A vampire mage (D:9)
  Nergalle (D:10)
  Pikel (D:7)
  Prince Ribbit (D:5)
  A hippogriff (D:9)
  A yak (D:8)
  4 hungry ghosts
  3 wargs (D:9)
  An ice beast (D:6)
  A sky beast (D:8)
  An orc warrior (D:7)
  5 ogres
  5 centaurs
  A big kobold (D:9)
  A gnoll sergeant (D:9)
  3 scorpions
  6 killer bees (D:7)
  A wight (D:10)
  2 howler monkeys
  5 crimson imps
  A centaur zombie (D:8)
  2 quasits
  3 jellies
  3 hounds
  3 orc priests
  8 orc wizards
  A centaur skeleton (D:9)
  4 worker ants
  3 iguanas
  A killer bee zombie (D:10)
  2 hound skeletons (D:7)
  2 worker ant zombies
  9 gnolls
  10 adders
  2 river rats (Sewer)
  4 shadow imps
  An ooze (D:2)
  3 worms
  3 leopard geckos
  31 orcs
  6 bats
  10 giant cockroaches
  9 goblins
  6 hobgoblins
  5 jackals
  3 quokkas
  6 ball pythons
  5 frilled lizards (Sewer)
  A jackal skeleton (D:5)
  10 kobolds
  A quokka zombie (D:6)
  10 rats
215 creatures vanquished.

Vanquished Creatures (collateral kills)
  A two-headed ogre (D:8)
  2 water moccasins
  An ice beast (D:8)
  2 sky beasts (D:5)
  A slave (D:7)
  2 ogres
  A bullfrog (D:7)
  A scorpion (D:4)
  2 orc priests
  2 worker ants
  4 orcs
  A hobgoblin (D:3)
  3 kobolds (D:9)
23 creatures vanquished.

Vanquished Creatures (others)
  An orc wizard (D:4)
  5 plants (D:5)
6 creatures vanquished.

Grand Total: 244 creatures vanquished

Notes
Turn   | Place    | Note
-------+----------+-------------------------------------------
     0 | D:1      | sking99 the Demonspawn Fighter began the quest for the Orb.
     0 | D:1      | Reached XP level 1. HP: 18/18 MP: 1/1
   118 | D:1      | Reached skill level 2 in Maces & Flails
   196 | D:1      | Found a shattered altar of Ashenzari.
   290 | D:1      | Gained mutation: You have large cloven feet. [demonic ancestry]
   290 | D:1      | Reached XP level 2. HP: 24/24 MP: 2/2
   888 | D:2      | Gained mutation: You are immune to rotting. [demonic ancestry]
   888 | D:2      | Reached XP level 3. HP: 29/29 MP: 3/3
  1389 | D:2      | Reached skill level 3 in Maces & Flails
  1592 | D:2      | Gained mutation: You have hoof-like feet. [demonic ancestry]
  1592 | D:2      | Reached XP level 4. HP: 34/35 MP: 4/4
  2553 | D:3      | Found a glowing silver altar of Zin.
  2920 | D:3      | Gained mutation: A weak demonic guardian rushes to your aid. [demonic ancestry]
  2920 | D:3      | Reached XP level 5. HP: 36/42 MP: 5/5
  3233 | D:3      | Reached skill level 4 in Maces & Flails
  3313 | D:3      | Found an opulent altar of Gozag.
  3319 | D:3      | Became a worshipper of Gozag Ym Sagoz the Greedy
  3525 | D:4      | Noticed a centaur
  3531 | D:4      | Killed a centaur
  3531 | D:4      | Reached XP level 6. HP: 36/48 MP: 6/6
  3867 | D:4      | Reached skill level 5 in Maces & Flails
  4172 | D:4      | Gained mutation: You are partially covered in slimy green scales. (AC +2) [demonic ancestry]
  4172 | D:4      | Reached XP level 7. HP: 48/55 MP: 7/7
  4522 | D:4      | Found a staircase to the Ecumenical Temple.
  4607 | D:4      | Found a burning altar of Makhleb.
  4607 | D:4      | Found a radiant altar of Vehumet.
  4663 | D:5      | Entered Level 5 of the Dungeon
  4738 | D:5      | Reached skill level 5 in Fighting
  4870 | D:5      | Found a glowing drain.
  4898 | Sewer    | Entered a sewer
  5320 | D:5      | Noticed Prince Ribbit
  5539 | D:5      | Reached skill level 6 in Maces & Flails
  5723 | D:5      | Reached skill level 5 in Shields
  5723 | D:5      | Gained mutation: You may emit foul miasma when damaged in melee. [demonic ancestry]
  5723 | D:5      | Reached XP level 8. HP: 37/63 MP: 8/8
  5898 | D:5      | Killed Prince Ribbit
  6196 | D:5      | Found an iron altar of Okawaru.
  6580 | D:6      | Reached skill level 7 in Maces & Flails
  6691 | D:6      | Found a shattered altar of Ashenzari.
  7294 | D:6      | Found Hueb's Antique Weapon Shoppe.
  7713 | D:7      | Reached XP level 9. HP: 64/71 MP: 9/9
  7748 | D:7      | Reached skill level 8 in Maces & Flails
  8101 | D:7      | Noticed Pikel
  8118 | D:7      | HP: 2/71 [Pikel/whip of electrocution (20)]
  8126 | D:7      | Killed Pikel
  8666 | D:7      | Reached skill level 9 in Maces & Flails
  9278 | D:7      | Found a blossoming altar of Fedhas.
  9311 | D:7      | Found a bloodstained altar of Trog.
  9632 | D:8      | Noticed a two-headed ogre
  9650 | D:8      | Killed a two-headed ogre
  9650 | D:8      | Reached XP level 10. HP: 80/80 MP: 10/10
 10240 | D:8      | Noticed TheNamelessOne's ghost (novice HOFi)
 10284 | D:8      | Found a runed gate.
 10284 | D:8      | Found a runed gate.
 10284 | D:8      | Found a runed gate.
 10340 | D:8      | Found a sparkling altar of Nemelex Xobeh.
 10477 | D:8      | Noticed a two-headed ogre
 10488 | D:8      | Killed a two-headed ogre
 10488 | D:8      | Reached skill level 10 in Maces & Flails
 10766 | D:8      | Found a hide-covered altar of Uskayaw.
 11088 | D:9      | Bought a ration for 50 gold pieces
 11088 | D:9      | Bought a ration for 50 gold pieces
 11088 | D:9      | Bought a ration for 50 gold pieces
 11088 | D:9      | Bought a ration for 50 gold pieces
 11088 | D:9      | Bought a ration for 50 gold pieces
 11088 | D:9      | Bought a ration for 50 gold pieces
 11172 | D:9      | Noticed a vampire mage
 11190 | D:9      | Killed a vampire mage
 11274 | D:9      | Noticed Erica
 11288 | D:9      | Killed Erica
 11393 | D:9      | Found a sacrificial altar of Ru.
 11583 | D:9      | Reached skill level 11 in Maces & Flails
 11622 | D:9      | Found a staircase to the Lair.
 11734 | D:9      | Found a stormy altar of Qazlal.
 11944 | D:9      | Gained mutation: You are mostly covered in slimy green scales. (AC +3) [demonic ancestry]
 11944 | D:9      | Reached XP level 11. HP: 89/89 MP: 11/11
 12095 | D:10     | Entered Level 10 of the Dungeon
 12227 | D:10     | Noticed Nergalle
 12228 | D:10     | Noticed Fannar
 12246 | D:10     | Killed Nergalle
 12263 | D:10     | Killed from afar by Fannar

Vault maps used:
D:1:      dpeg_arrival_round_c, corexii_corridor_pit, ashenzari_altar_1
D:2:      minmay_tetromino_t2
D:3:      nicolae_overflow_crystal_walls, grunt_gozag_statues, first_ration,
          minmay_misc_feat_ornament
D:4:      grunt_temple_overflow_lords_of_destruction,
          minmay_temple_entry_poolview
D:5:      portal_sewer_entry_f, serial_bayou_lagoon_a, serial_bayou_pond_e,
          okawaru_gym_becter, uniq_prince_ribbit1
D:6:      lemuel_round_altar, serial_shops, nicolae_shop_behind_doors
D:7:      kennysheep_mini_moat, lemuel_round_altar, uniq_pikel
D:8:      lemuel_crystal_altar, kennysheep_mini, gammafunk_ghost_icy,
          st_stairs_4
D:9:      nicolae_ru_sacrificial_ziggurat, old_standard_altar,
          erik_lair_orcish_takeover, amethyst_killhole,
          eino_small_chamber_without_monster, minmay_librarian, uniq_erica
D:10:     enter_trove_6, serial_shops, nicolae_shop_crystal,
          blue_anna_alchemist, uniq_nergalle, uniq_fannar, uniq_urug
Sewer:    sewer_co_cracked_pipes

Skill      XL: |  1  2  3  4  5  6  7  8  9 10 |
---------------+-------------------------------+-----
Maces & Flails | 2 3 4 5 6 7 9 11 | 11.2
Shields        | 3 4 5 6 7 8 |  8.4
Fighting       | 4 5 6 7 9 |  9.2
Armour         | |  2.6

Action                   |  1- 3 |  4- 6 |  7- 9 | 10-12 || total
-------------------------+-------+-------+-------+-------++-------
Melee: Flail             |    97 |   126 |   377 |    32 ||   632
       Kick              |    14 |    30 |   103 |    92 ||   239
       Whip              |       |       |       |   253 ||   253
Invok: Potion Petition   |       |     1 |     1 |       ||     2
       Call Merchant     |       |       |       |     1 ||     1
Evoke: Wand              |       |       |     1 |       ||     1
  Use: Scroll            |       |       |    14 |     5 ||    19
       Potion            |       |       |     3 |       ||     3
 Stab: Distracted        |       |     1 |     3 |       ||     4
  Eat: Chunk             |     2 |     6 |       |       ||     8
       Ration            |       |     1 |     7 |     4 ||    12
Armor: Scale mail        |    45 |    58 |    57 |       ||   160
       Plate armour      |       |       |   110 |   103 ||   213
Dodge: Dodged            |    21 |    52 |    63 |    35 ||   171
Block: Shield            |    50 |    75 |   181 |    93 ||   399

Table legend:
 A = Spawn XP
 B = Non-spawn XP
 C = Spawn XP percentage of total XP
 D = Spawn monster count
 E = Non-spawn monster count
 F = Spawn count percentage of total count
 G = Total turns spent on level
                    A         B        C        D         E        F      G
               +---------+---------+-------+---------+---------+-------+---------
         Total |       0 |   12147 |   0.0 |       0 |     238 |   0.0 | 12263
               +---------+---------+-------+---------+---------+-------+---------
           D:1 |       0 |      28 |   0.0 |       0 |      17 |   0.0 |   839
           D:2 |       0 |      74 |   0.0 |       0 |      16 |   0.0 |  1340
           D:3 |       0 |     194 |   0.0 |       0 |      30 |   0.0 |  1275
           D:4 |       0 |     546 |   0.0 |       0 |      17 |   0.0 |  1226
           D:5 |       0 |     949 |   0.0 |       0 |      27 |   0.0 |  1552
           D:6 |       0 |     818 |   0.0 |       0 |      20 |   0.0 |  1154
           D:7 |       0 |    2148 |   0.0 |       0 |      30 |   0.0 |  1975
           D:8 |       0 |    2782 |   0.0 |       0 |      21 |   0.0 |  1383
           D:9 |       0 |    3395 |   0.0 |       0 |      32 |   0.0 |  1046
          D:10 |       0 |    1155 |   0.0 |       0 |      10 |   0.0 |   168
         Sewer |       0 |      58 |   0.0 |       0 |      18 |   0.0 |   305
               +---------+---------+-------+---------+---------+-------+---------
